AoeStats
← natake

Arena

510323091Analyzed
1v1 RM · 6h ago on Sep 30, 2026· 38m 34s· 2 players
Game mode
Random Map
Map size
Tiny (2 player)
Population
200
Speed
Normal
Resources
Standard
Victory
Conquest
Starting age
Dark Age
Ending age
Imperial Age
RankedLock teamsTeams togetherTeam positionsShared explorationLock speedFull tech treeHidden civsTurbo modeCheats
Victory
Defeat
🇫🇷 Turks · France
1123
+17
🇨🇴 Varangians · Colombia
1134
-17
natake
12:39 Feudal Age
14:48 Wheelbarrow
17:47 Castle Age
18:45 Horse Collar
18:53 Double-Bit Axe
19:00 Gold Mining
22:13 Imperial Age
19:45 Padded Archer Armor
21:00 Leather Archer Armor
23:56 Ring Archer Armor
24:50 Stone Mining
25:57 Gold Shaft Mining
28:58 Stone Mining
29:21 Bow Saw
29:17 Heavy Plow
32:15 Loom
32:18 Town Watch
32:53 Hand Cart
34:49 Theocracy
COL | TheFaura
11:34 Feudal Age
15:14 Castle Age
14:03 Double-Bit Axe
14:03 Horse Collar
14:36 Loom
17:02 Wheelbarrow
17:08 Forging
19:21 Scale Barding Armor
21:00 Iron Casting
21:32 Bloodlines
22:09 Husbandry
24:28 Chain Barding Armor
28:02 Gold Mining
31:55 Imperial Age
30:29 Town Watch
30:39 Town Watch
31:18 Bow Saw
32:37 Heavy Plow
33:18 Conscription
32:48 Cavalier
34:32 Conscription
37:02 Plate Barding Armor
38:55 Devotion
Connection lost

Rejoining the realm…

Still unreachable

The connection could not be restored.

Session expired

The server has moved on; the page needs a fresh start.